AoeStats
← 88888

Oasis

509880143Analyzed
4v4 RM · 3d ago on Sep 28, 2026· 47m 48s· 8 players
Game mode
Random Map
Map size
Large (8 player)
Population
200
Speed
Normal
Resources
Standard
Victory
Conquest
Starting age
Dark Age
Ending age
Imperial Age
RankedLock teamsTeams togetherTeam positionsShared explorationLock speedFull tech treeHidden civsTurbo modeCheats
Victory
Defeat
🇦🇷 Varangians · Argentina
1144
+14
🇨🇳 Spanish · China
1135
+14
🇷🇪 Persians · Réunion
1134
+15
🇹🇼 Georgians · Taiwan
1028
+20
🇨🇳 Persians · China
1110
-16
🇨🇳 Italians · China
1102
-16
🇨🇳 Japanese · China
1102
-16
🇨🇳 Teutons · China
1082
-15
阿巴阿巴
5:04 Loom
10:49 Feudal Age
20:02 Bloodlines
22:04 Double-Bit Axe
22:51 Horse Collar
25:06 Forging
30:28 Castle Age
30:47 Fletching
34:13 Pikeman
随便玩玩
11:33 Feudal Age
15:43 Castle Age
14:26 Double-Bit Axe
14:54 Horse Collar
15:54 Stone Mining
16:50 Wheelbarrow
17:17 Bow Saw
25:53 Gold Mining
30:11 Imperial Age
29:41 Stone Shaft Mining
29:31 Hand Cart
30:08 Squires
30:17 Gambesons
31:24 Heavy Plow
32:38 Two-Man Saw
33:57 Forging
35:14 Iron Casting
34:31 Fletching
35:58 Conscription
35:04 Elite Teutonic Knight
39:14 Blast Furnace
38:14 Scale Mail Armor
38:11 Bodkin Arrow
惢丶利安
5:09 Loom
9:52 Feudal Age
13:54 Castle Age
13:03 Double-Bit Axe
13:02 Horse Collar
14:54 Heavy Plow
20:28 Fletching
21:46 Stone Mining
23:02 Wheelbarrow
24:35 Hand Cart
25:33 Thumb Ring
26:18 Bodkin Arrow
31:34 Imperial Age
29:17 Town Watch
29:36 Padded Archer Armor
29:48 Forging
29:39 Scale Mail Armor
30:04 Gold Mining
30:15 Pikeman
31:36 Squires
32:09 Bow Saw
31:53 Treadmill Crane
32:52 Conscription
33:33 Parthian Tactics
33:39 Heavy Cavalry Archer
35:22 Siege Engineers
36:22 Chemistry
36:40 Chain Mail Armor
36:47 Bloodlines
36:53 Arson
39:08 Kataparuto
40:11 Plate Mail Armor
39:43 Bracer
41:58 Two-Man Saw
41:35 Gold Shaft Mining
40:35 Halberdier
42:20 Town Patrol
43:18 Hoardings
43:28 Iron Casting
44:37 Arrowslits
45:12 Ballistics
45:03 Masonry
45:19 Murder Holes
360216051
6:36 Loom
10:25 Feudal Age
11:10 Double-Bit Axe
11:34 Horse Collar
18:20 Castle Age
16:36 Fletching
16:43 Gold Mining
17:25 Padded Archer Armor
18:28 Crossbowman
20:31 Bow Saw
22:14 Wheelbarrow
23:06 Stone Mining
25:11 Stone Shaft Mining
26:08 Treadmill Crane
27:47 Ballistics
27:27 Bodkin Arrow
27:56 Heavy Plow
29:45 Thumb Ring
30:10 Hand Cart
32:16 Leather Archer Armor
36:24 Imperial Age
38:13 Chemistry
37:16 Bracer
38:04 Conscription
39:40 Ring Archer Armor
39:31 Arbalester
40:22 Pikeman
43:47 Scale Mail Armor
43:58 Forging
44:26 Crop Rotation
JohnSalchichon
10:27 Feudal Age
14:43 Castle Age
13:15 Double-Bit Axe
14:08 Horse Collar
15:42 Bow Saw
15:37 Heavy Plow
26:30 Imperial Age
23:48 Loom
23:49 Town Watch
25:17 Forging
25:12 Scale Barding Armor
26:46 Bloodlines
26:36 Husbandry
26:38 Treadmill Crane
27:43 Wheelbarrow
29:45 Cavalier
31:25 Hand Cart
31:50 Iron Casting
31:20 Scale Barding Armor
33:00 Crop Rotation
32:24 Gold Mining
32:28 Gothikon
32:50 Capped Ram
36:38 Blast Furnace
35:58 Chain Barding Armor
37:24 Ballistics
38:05 Chemistry
39:00 Conscription
41:58 Plate Barding Armor
88888
6:47 Loom
11:01 Feudal Age
18:48 Castle Age
16:37 Double-Bit Axe
16:40 Horse Collar
22:54 Wheelbarrow
22:34 Bow Saw
24:30 Hand Cart
26:34 Gold Mining
26:42 Stone Mining
30:28 Imperial Age
29:10 Heavy Plow
30:26 Stone Shaft Mining
30:43 Scale Barding Armor
30:48 Forging
30:43 Scale Barding Armor
32:15 Chain Barding Armor
33:15 Crop Rotation
33:12 Conscription
33:00 Aznauri Cavalry
33:40 Iron Casting
34:18 Husbandry
34:29 Bloodlines
34:56 Plate Barding Armor
34:21 Elite Monaspa
38:35 Blast Furnace
37:28 Fletching
41:14 Bodkin Arrow
47:50 Town Watch
48:29 Guilds
MEMS
11:57 Feudal Age
17:46 Castle Age
15:35 Double-Bit Axe
15:34 Horse Collar
16:33 Stone Mining
16:48 Gold Mining
18:13 Wheelbarrow
21:23 Fortified Wall
27:21 Hand Cart
26:52 Loom
32:01 Imperial Age
30:50 Stone Shaft Mining
31:34 Bow Saw
31:30 Heavy Plow
34:46 Two-Man Saw
34:51 Fletching
35:06 Padded Archer Armor
36:41 Chemistry
36:05 Ballistics
35:41 Murder Holes
37:01 Leather Archer Armor
37:15 Caravan
38:31 Conscription
38:59 Bodkin Arrow
41:08 Bracer
41:39 Ring Archer Armor
41:34 Forging
raphael-974-
10:16 Feudal Age
11:45 Wheelbarrow
11:25 Double-Bit Axe
11:40 Man-at-Arms
13:42 Horse Collar
15:08 Loom
21:57 Castle Age
20:19 Gold Mining
21:20 Bloodlines
21:38 Scale Barding Armor
21:43 Forging
22:35 Bow Saw
22:27 Heavy Plow
23:48 Iron Casting
26:10 Chain Barding Armor
27:37 Husbandry
34:26 Hand Cart
33:57 Town Watch
35:00 Caravan
44:23 Imperial Age
44:05 Cavalier
45:27 Plate Barding Armor
46:35 Blast Furnace
45:58 Savar
Connection lost

Rejoining the realm…

Still unreachable

The connection could not be restored.

Session expired

The server has moved on; the page needs a fresh start.